 Dungeon Sprint DCSS version 0.30-a0-1112-gfb780f5df6 (webtiles) character file.

Game seed: 6267626721111102062

245 sircluck the Cleaver (level 6, -11/66 HPs)
             Began as a Hill Orc Berserker on Apr 19, 2023.
             Was an Elder of Trog.
             Mangled by a human
             ... wielding a +0 dagger
              (14 damage)
             ... in the Dungeon (Sprint III: "The Ten Rune Challenge").
             The game lasted 00:01:51 (749 turns).

sircluck the Cleaver (Hill Orc Berserker)            Turns: 749, Time: 00:01:51

Health: -11/66     AC:  2    Str: 22    XL:     6   Next: 10%
Magic:  6/6        EV: 13    Int:  7    God:    Trog [****..]
Gold:   47         SH:  0    Dex: 10    Spells: 5/5 levels left

rFire   . . .      SeeInvis .    a - +0 hand axe
rCold   . . .      Faith    .    (no shield)
rNeg    . . .      Spirit   .    b - +0 animal skin
rPois   .          Reflect  .    (no helmet)
rElec   .          Rampage  .    (no cloak)
rCorr   .          NoTele   +    (no gloves)
Will    .....                    (no boots)
Stlth   +                        (no amulet)
HPRegen 0.31/turn                (no ring)
MPRegen 0.10/turn                (no ring)

@: on berserk cooldown, slowed, very slow
A: no striking features
a: Renounce Religion, Berserk, Trog's Hand, Brothers in Arms


You were in the Dungeon.
You worshipped Trog.
Trog was greatly pleased with you.
You visited 1 branch You collected 47 gold pieces.

Inventory:

Hand Weapons
 a - a +0 hand axe (weapon)
Armour
 b - a +0 animal skin (worn)
Wands
 i - a wand of flame (22)
Scrolls
 h - a scroll of blinking
 k - a scroll of torment {unknown}
 l - 2 scrolls of identify {unknown}
 n - a scroll of immolation {unknown}
Potions
 c - a potion of curing
 e - a potion of haste
 f - 2 potions of magic
 g - a potion of berserk rage
 j - 4 potions of mutation {unknown}
 m - 2 potions of flight {unknown}
 o - a potion of lignification {unknown}


   Skills:
 + Level 9.7 Fighting
 + Level 10.5 Axes
 + Level 4.0 Armour
 + Level 4.2 Dodging
 + Level 0.5 Stealth


You had 5 spell levels left.
You didn't know any spells.
Your spell library was empty.

Dungeon Overview and Level Annotations

Branches:
Dungeon (1/1)

Altars:
Dithmenos
Kikubaaqudgha
Okawaru
Ru
Sif Muna
Trog
Uskayaw
Vehumet
Wu Jian
Yredelemnul
Beogh


Message History

You closely miss the human. The human hits you but does no damage.
The human hits you with a +0 dagger.
You hit the human.
The human is heavily wounded.
You slash the human! You slash the human! Your punch misses the human.
The human is severely wounded.
You hit the human. The human hits you with a +0 dagger! The human hits you!
You closely miss the human.
The human is severely wounded.
You closely miss the human. The human misses you.
You hit the human but do no damage.
The human is severely wounded.
You hit the human.
You are no longer berserk.
You are exhausted.
You feel yourself slow down. The human misses you.
The human hits you with a +0 dagger.
You hit the human but do no damage.
The human is severely wounded.
You hit the human. The human hits you with a +0 dagger. The human hits you.
The human hits you with a +0 dagger!
* * * LOW HITPOINT WARNING * * *
The human attacks as you move away! The human hits you.
* * * LOW HITPOINT WARNING * * *
The human attacks as you move away! The human barely misses you.
The human rages.
The human hits you with a +0 dagger!
* * * LOW HITPOINT WARNING * * *
You feel much better. The human hits you with a +0 dagger.
* * * LOW HITPOINT WARNING * * *
The human misses you.
You fail to use your ability.
The human hits you with a +0 dagger.
* * * LOW HITPOINT WARNING * * *
The human closely misses you.
You fail to use your ability.
The human closely misses you. The human hits you with a +0 dagger!
* * * LOW HITPOINT WARNING * * *
The human hits you with a +0 dagger!
You die...

▓▓▓▓▓ ▓▓▓ ..♣.♣♣ ♣.#
######## ...♣.♣ ♣.#
#___#__# ....♣♣ ♣.#
#__.#)_#
...~.♣♣♣♣.###+#p###÷##
..~~♣..♣♣.#.....@....#
.~~~~♣.♣..'.⌠........#
.~≈≈~~~.♣.#)..######+#
~~≈~~~....#.⌠.#
~≈~~~.....#...#
~~~.......#'###
..........#):.#
..........#___#
▓▓▓▓▓▓▓▓▓▓▓▓▓▓▓


You could see a human (berserk).

Vanquished Creatures
  A necrophage (D)
  A water elemental (D)
  Jessica (D)
  A wizard (D)
  A necromancer (D)
  A human (D)
  A kobold demonologist (D)
  A wolf (D)
  3 rats (D)
11 creatures vanquished.

Notes
Turn   | Place    | Note
-------+----------+-------------------------------------------
     0 | D        | sircluck the Hill Orc Berserker began the quest for the
                  | Orb.
     0 | D        | Reached XP level 1. HP: 19/19 MP: 1/1
    11 | D        | Noticed Jessica
    13 | D        | Reached ** piety under Trog
    18 | D        | HP: 1/30 [Jessica/nerve-wracking pain (11)]
    21 | D        | Killed Jessica
    22 | D        | Reached skill level 5 in Fighting
    22 | D        | Reached skill level 6 in Axes
    22 | D        | Reached XP level 2. HP: 3/30 MP: 2/2
    22 | D        | Reached XP level 3. HP: 3/37 MP: 3/3
   181 | D        | Reached skill level 7 in Axes
   299 | D        | Reached XP level 4. HP: 8/45 MP: 4/4
   447 | D        | Noticed a water elemental
   451 | D        | Killed a water elemental
   451 | D        | Reached *** piety under Trog
   452 | D        | Reached skill level 8 in Axes
   452 | D        | Reached XP level 5. HP: 53/53 MP: 5/5
   501 | D        | Found a basalt altar of Yredelemnul.
   501 | D        | Found a shadowy altar of Dithmenos.
   501 | D        | Found a sacrificial altar of Ru.
   509 | D        | Reached skill level 9 in Axes
   512 | D        | Reached skill level 10 in Axes
   613 | D        | Found a radiant altar of Vehumet.
   614 | D        | Found a shimmering blue altar of Sif Muna.
   614 | D        | Found an ancient bone altar of Kikubaaqudgha.
   623 | D        | Reached **** piety under Trog
   630 | D        | Reached XP level 6. HP: 36/66 MP: 6/6
   734 | D        | Found a hide-covered altar of Uskayaw.
   734 | D        | Found a roughly hewn altar of Beogh.
   734 | D        | Found an iron altar of Okawaru.
   734 | D        | Found a bloodstained altar of Trog.
   734 | D        | Found an ornate altar of the Wu Jian Council.
   734 | D        | Noticed a human
   735 | D        | Noticed a human
   746 | D        | HP: 1/66 [human/+0 dagger (8)]
   749 | D        | Mangled by a human

Illustrated notes

Levels and vault maps discovered:
D:        dungeon_sprint_mu [sprint_mu_entry_forest, sprint_mu_temple_rooms,
          sprint_mu_d1_spiders, sprint_mu_d2_genie, sprint_mu_d3_branching,
          sprint_mu_orc_legion, sprint_mu_elf_gauntlet, sprint_mu_hive_nellie,
          sprint_mu_lair_fedhas, sprint_mu_vaults_butterflies,
          sprint_mu_slime_circle, sprint_mu_shoals_kraken,
          sprint_mu_snake_twists, sprint_mu_blade_basic,
          sprint_mu_crypt_chambers, sprint_mu_tomb_spiral,
          sprint_mu_vestibule_basic, sprint_mu_gehenna_hellfire,
          sprint_mu_dis_giant, sprint_mu_tartarus_statrot,
          sprint_mu_cocytus_islands, sprint_mu_zot1]

Skill      XL: |  1  2  3  4  5 |
---------------+----------------+-----
Fighting       | 5 6 7 9 |  9.7
Axes           | 6 7 8 10 | 10.5
Dodging        | 2 3 4 |  4.2
Armour         | 3 4 |  4.0
Stealth        | |  0.5

Action                     |  1- 3 |  4- 6 || total
---------------------------+-------+-------++-------
  Melee: Hand axe          |    31 |    32 ||    63
 Invoke: Berserk           |     2 |     3 ||     5
    Use: Potion            |       |     1 ||     1
   Stab: Sleeping          |       |     1 ||     1
 Armour: Animal skin       |     2 |     6 ||     8
  Dodge: Dodged            |    18 |    15 ||    33

Table legend: (Time is in decaauts)
 A = Elapsed time spent in this place.
 B = Non-inter-level travel time spent in this place.
 C = Inter-level travel time spent in this place.
 D = Time resting spent in this place.
 E = Time spent auto-exploring this place.
 F = Levels seen in this place.
 G = Mean time per level.
                   A        B        C        D        E       F      G
               +--------+--------+--------+--------+--------+-----+--------+
         Total |    781 |    768 |     13 |    459 |    136 |   1 |  781.0 |
       Dungeon |    781 |    768 |     13 |    459 |    136 |   1 |  781.0 |
               +--------+--------+--------+--------+--------+-----+--------+

Top non-repeatable levels by time:
       D: 781 daAuts
